AoeStats
← imbaMudi-

Black Forest

504267041Analyzed
2v2 RM · 29d ago on Sep 4, 2026· 38m 2s· 4 players
Game mode
Random Map
Map size
Medium (4 player)
Population
200
Speed
Normal
Resources
Standard
Victory
Conquest
Starting age
Dark Age
Ending age
Imperial Age
RankedLock teamsTeams togetherTeam positionsShared explorationLock speedFull tech treeHidden civsTurbo modeCheats
Victory
Defeat
🇵🇱 Jurchens · Poland
991
+18
🇵🇱 Poles · Poland
991
+18
🇹🇷 Magyars · Türkiye
1116
-22
🇹🇷 Franks · Türkiye
947
-14
ErsanKuneri
3:45 Loom
10:36 Feudal Age
17:29 Castle Age
16:18 Double-Bit Axe
16:42 Stone Mining
20:01 Crossbowman
24:19 Thumb Ring
24:55 Town Watch
27:41 Scale Barding Armor
27:29 Fletching
27:39 Padded Archer Armor
29:29 Bodkin Arrow
30:22 Thumb Ring
imbaMudi-
13:54 Feudal Age
15:00 Double-Bit Axe
24:11 Castle Age
22:10 Gold Mining
22:13 Stone Mining
22:18 Gold Mining
24:59 Pikeman
27:59 Bow Saw
28:28 Gold Shaft Mining
30:14 Forging
30:09 Scale Mail Armor
32:34 Husbandry
36:42 Iron Casting
36:22 Chain Mail Armor
36:13 Scale Barding Armor
36:35 Loom
Kacper
13:12 Feudal Age
18:03 Castle Age
16:42 Horse Collar
17:23 Double-Bit Axe
27:23 Szlachta Privileges
28:51 Scale Barding Armor
28:56 Forging
29:16 Husbandry
29:29 Bloodlines
30:47 Gold Mining
32:30 Chain Barding Armor
36:17 Iron Casting
38:58 Imperial Age
Sweet Qrka UwU
8:04 Loom
10:14 Feudal Age
14:10 Castle Age
12:45 Double-Bit Axe
15:46 Bow Saw
16:09 Horse Collar
20:17 Scale Mail Armor
23:23 Forging
25:08 Chain Mail Armor
27:03 Gambesons
27:19 Squires
27:06 Arson
31:17 Gold Mining
31:30 Heavy Plow
32:09 Wheelbarrow
36:20 Hand Cart
38:25 Iron Casting
Connection lost

Rejoining the realm…

Still unreachable

The connection could not be restored.

Session expired

The server has moved on; the page needs a fresh start.